 Dungeon Crawl Stone Soup version 0.28-a0-381-g937acc2988 (webtiles) character file.

Game seed: 15061505416796696352

345 SkeletonJelly the Slasher (level 6, -5/33 HPs)
             Began as a Tengu Chaos Knight on Sept 1, 2021.
             Was a Plaything of Xom.
             Slain by Natasha the wyvern (13 damage)
             ... on level 3 of the Dungeon.
             The game lasted 00:05:09 (2997 turns).

SkeletonJelly the Slasher (Tengu Chaos Knight)      Turns: 2997, Time: 00:05:09

Health: -5/33      AC:  6    Str: 12    XL:     6   Next: 58%
Magic:  7/7        EV: 13    Int: 13    God:    Xom [......]
Gold:   220        SH:  4    Dex:  9    Spells: 5/5 levels left

rFire   . . .      SeeInvis .   a - +0 falchion (chaos)
rCold   . . .      Faith    .   f - +0 buckler
rNeg    . . .      Spirit   .   b - +2 leather armour
rPois   .          Reflect  .   (helmet restricted)
rElec   .          Harm     .   (no cloak)
rCorr   .          Rampage  .   e - +0 pair of gloves
Will    .....                   (boots unavailable)
Stlth   +.........              (no amulet)
HPRegen 0.11/turn               (no ring)
MPRegen 0.10/turn               (no ring)

@: weak-willed, flying quickly and evasively, quick
A: beak, talons 3, nimble flight, clumsy 2, frail 1, weak 1, subdued magic 1
a: Renounce Religion


You were on level 3 of the Dungeon.
You worshipped Xom.
You were a very special plaything of Xom.
You visited 1 branch of the dungeon, and saw 3 of its levels.

You collected 220 gold pieces.

Inventory:

Hand Weapons
 a - a +0 falchion of chaos (weapon)
Missiles
 h - 6 silver javelins (quivered)
Armour
 b - a +2 leather armour (worn)
 e - a +0 pair of gloves (worn)
 f - a +0 buckler (worn)
Scrolls
 g - a scroll of amnesia {unknown}
 k - a scroll of teleportation {unknown}
 m - a scroll of immolation {unknown}
 n - a scroll of identify {unknown}
 o - a scroll of magic mapping {unknown}
Potions
 c - a potion of resistance {unknown}
 i - a potion of invisibility {unknown}
 j - a potion of attraction {unknown}
 l - a potion of berserk rage {unknown}


   Skills:
 - Level 3.0 Fighting
 * Level 6.9 Long Blades
 - Level 2.1 Armour
 - Level 1.1 Dodging
 + Level 3.1 Shields


You had 5 spell levels left.
You didn't know any spells.
Your spell library contained the following spells:

 Spells                   Type           Power      Damage    Failure   Level
 Leda's Liquefaction      Hex/Erth       0%         N/A       99%         4
 Bolt of Magma            Conj/Fire/Erth 0%         4d4       100%        5
 Statue Form              Tmut/Erth      0%         N/A       100%        6


Dungeon Overview and Level Annotations

Branches:
Dungeon (3/15)

Altars:
Gozag
Kikubaaqudgha

Shops:
D:2 ?[:::

Annotations:
D:3 Natasha


Innate Abilities, Weirdness & Mutations

You have a beak for a mouth.
You have claws for feet.
Your magical nature lets you fly swiftly and evasively.
You are very clumsy. (Dex -4)
You are frail. (-10% HP)
You are weak. (Str -2)
Your spells are a little easier to cast, but a little less powerful.


Message History

No target in view!
No target in view!
No target in view!
No target in view!
Key pressed, stopping explore.
You reach down and open the door.
Found a club.
Health restored: 33
There is an open door here.
There is an open door here.
Key pressed, stopping explore.
Key pressed, stopping explore.
Found a stone staircase leading up.
Key pressed, stopping explore.
Key pressed, stopping explore.
Natasha, Servant of Life and Death comes into view.
Natasha hisses angrily.
Natasha is nearby!
Natasha is nearby!
You barely miss Natasha. You claw Natasha!
Natasha is heavily wounded.
Natasha claws you but does no damage.
You barely miss Natasha. You claw Natasha.
Natasha is severely wounded.
Natasha claws you.
You take 5 damage, and have 28/33 hp.
You closely miss Natasha. Your peck misses Natasha.
Natasha is severely wounded.
Natasha mumbles some strange words.
You barely miss Natasha. Your peck misses Natasha.
Natasha is severely wounded.
Natasha claws you but does no damage. The white imp gestures at you.
The puff of frost hits you but does no damage.
You barely miss Natasha.
Natasha is severely wounded.
Natasha barely misses you.
You hit Natasha. Your kick misses Natasha.
Natasha is almost dead.
The white imp gestures at you. The puff of frost hits you.
Natasha stares at you and mumbles some strange words.
The magic dart hits you! The white imp gestures at you.
You block the puff of frost.
You hit Natasha.
You kill Natasha!
Natasha growls in agony!
The white imp disappears in a puff of smoke!
No target in view!
No target in view!
You take 8 damage, and have 20/33 hp.
MASSIVE DAMAGE!!
No target in view!
No target in view!
No target in view!
No target in view!
No target in view!
Natasha, Servant of Life and Death comes into view.
Natasha is nearby!
Natasha is nearby!
Natasha is nearby!
Natasha is nearby!
You see here the felid corpse of Natasha.
Natasha barely misses you.
You hit Natasha but do no damage. You claw Natasha.
Natasha is lightly wounded.
Natasha stares at you and mumbles some strange words.
The magic dart hits you.
You take 1 damage, and have 20/33 hp.
You slash Natasha! You freeze Natasha. Your kick misses Natasha.
Natasha is heavily wounded.
Natasha stares at you and mumbles some strange words.
The magic dart hits you.
You take 4 damage, and have 16/33 hp.
You are too injured to fight recklessly!
You are too injured to fight recklessly!
You are too injured to fight recklessly!
You are too injured to fight recklessly!
You are too injured to fight recklessly!
You barely miss Natasha. Your kick misses Natasha.
Natasha is heavily wounded.
Natasha claws you.
You take 5 damage, and have 11/33 hp.
You hit Natasha but do no damage.
Natasha evaporates and reforms as a wyvern!
Natasha bites you.
* * * LOW HITPOINT WARNING * * *
You take 2 damage, and have 9/33 hp.
You hit Natasha but do no damage.
Xom snickers.
Your scroll labelled ANODWO VATSUE briefly glows.
Natasha hisses menacingly.
Natasha bites you.
* * * LOW HITPOINT WARNING * * *
You take 1 damage, and have 8/33 hp.
As you read the scroll labelled RIPSEGUJIA, it crumbles to dust.
Magic quickly surges around you.
It was a scroll of vulnerability. "Boo!"
Natasha bites you!
You die...
Xom howls with laughter!

.....###.###......†..............
.....# #.........................
.....# #####...........####......
.....# ####.......## ##.....
.....# #.........# #..... ####.#
#......^..# #..... #.#
#.........## ##..... ##.###
##.........####...... #...)#
######.@l............... #....#
#....†..................
#....###..............†........
#....#.......##................
#............+.................
#............##..............>.
##'##....#########..........#'#
####.##....# ##.......#.#..
..##.##....# #.......#.#..


You could see Natasha the wyvern (weak-willed).

Vanquished Creatures
  A dream sheep (shapeshifter) (D:2)
  Natasha (twice) (D:3)
  5 adders
  3 worms (D:3)
  An orc (D:3)
  11 bats
  7 endoplasms
  2 giant cockroaches (D:1)
  3 goblins
  6 hobgoblins
  5 quokkas
  9 ball pythons
  4 frilled lizards
  7 kobolds
  5 rats
71 creatures vanquished.

Notes
Turn   | Place    | Note
-------+----------+-------------------------------------------
     0 | D:1      | SkeletonJelly the Tengu Chaos Knight began the quest for
                  | the Orb.
     0 | D:1      | Reached XP level 1. HP: 14/14 MP: 2/2
   120 | D:1      | XOM: silly message
   123 | D:1      | XOM: silly message
   206 | D:1      | XOM: silly message
   542 | D:1      | XOM: silly message
   581 | D:1      | Reached XP level 2. HP: 19/19 MP: 3/3
   585 | D:1      | Reached skill level 4 in Long Blades
   650 | D:1      | XOM: 1-stop teleportation journey
   864 | D:1      | XOM: polymorph giant cockroach -> endoplasm
   889 | D:1      | Reached XP level 3. HP: 23/23 MP: 4/4
   892 | D:1      | Found a faded altar of an unknown god.
   902 | D:1      | XOM is BORED!
   902 | D:1      | XOM: give mutations
   902 | D:1      | Gained mutation: Your body sometimes deteriorates upon
                  | taking damage. [Xom's mischief]
   902 | D:1      | Gained mutation: You are clumsy. (Dex -2) [Xom's mischief]
   902 | D:1      | Gained mutation: Your spells are a little easier to cast,
                  | but a little less powerful. [Xom's mischief]
  1285 | D:2      | Noticed a shapeshifter
  1285 | D:2      | a goblin changed into a shapeshifter
  1285 | D:2      | XOM: polymorph goblin -> shapeshifter
  1285 | D:2      | Noticed a basilisk
  1285 | D:2      | a shapeshifter changed into a basilisk
  1292 | D:2      | Noticed a hornet
  1292 | D:2      | a basilisk changed into a hornet
  1294 | D:2      | XOM: confusion
  1336 | D:2      | Found an opulent altar of Gozag.
  1341 | D:2      | Reached skill level 1 in Shields
  1427 | D:2      | Reached XP level 4. HP: 28/28 MP: 5/5
  1467 | D:2      | Found Fuphucuc's Antique Armour Emporium.
  1470 | D:2      | Reached skill level 5 in Long Blades
  1583 | D:2      | Found Xocuy's Magic Scroll Boutique.
  1604 | D:2      | Found Qareijoi's Book Emporium.
  1612 | D:2      | XOM: torment (15/28 hp)
  1817 | D:2      | Noticed a moth of wrath
  1819 | D:2      | XOM: confuse monster(s)
  1825 | D:2      | Noticed a dream sheep
  1825 | D:2      | a moth of wrath changed into a dream sheep
  1829 | D:2      | Killed a dream sheep
  1830 | D:2      | Reached skill level 6 in Long Blades
  1830 | D:2      | Gained mutation: Your magical nature lets you fly swiftly
                  | and evasively. [Tengu growth]
  1830 | D:2      | Reached XP level 5. HP: 32/32 MP: 6/6
  1830 | D:2      | Reached XP level 6. HP: 37/37 MP: 7/7
  1924 | D:2      | XOM: polymorph adder -> bat
  1934 | D:2      | Found Xiopt's Book Boutique.
  1971 | D:2      | Found Yhin's Book Emporium.
  2132 | D:2      | XOM: give mutations
  2132 | D:2      | Gained mutation: You are very clumsy. (Dex -4) [Xom's
                  | mischief]
  2132 | D:2      | Gained mutation: You are weak. (Str -2) [Xom's mischief]
  2132 | D:2      | Gained mutation: You are frail. (-10% HP) [Xom's mischief]
  2132 | D:2      | Lost mutation: Your body sometimes deteriorates upon taking
                  | damage. [Xom's mischief]
  2550 | D:3      | Found Guntejad's Antique Armour Emporium.
  2726 | D:3      | Found an ancient bone altar of Kikubaaqudgha.
  2788 | D:3      | Noticed Natasha
  2793 | D:3      | Killed Natasha
  2799 | D:3      | XOM: enchant monster (good)
  2973 | D:3      | Noticed Natasha
  2982 | D:3      | Killed Natasha
  2988 | D:3      | Noticed Natasha
  2995 | D:3      | Noticed Natasha
  2995 | D:3      | Natasha changed into Natasha the wyvern
  2996 | D:3      | XOM: silly message
  2997 | D:3      | XOM: noise
  2997 | D:3      | Slain by Natasha the wyvern

Illustrated notes

Levels and vault maps discovered:
D:1:      dpeg_arrival_concentric_ovals, layout_loops_ring,
          hellmonk_ecumenical_altar_lost_god, minmay_statues_item,
          chequers_jeans, minmay_pentomino_z4
D:2:      layout_rooms, serial_shops, nicolae_shop_window_shopping,
          nicolae_shop_behind_doors, shop, nicolae_shop_waterfront, shop,
          basic_altar, minmay_misc_feat_tower, chequers_serial_rivers_marsh
D:3:      layout_basic, old_standard_altar, serial_shops, shop_fountains,
          kennysheep_decorative_pillar, uniq_natasha

Skill      XL: |  1  2  3  4  5  6 |
---------------+-------------------+-----
Long Blades    | 4 6 |  6.9
Shields        | 1 2 3 |  3.1
Fighting       | |  3.0
Armour         | |  2.1
Dodging        | |  1.1

Action                   |  1- 3 |  4- 6 || total
-------------------------+-------+-------++-------
Melee: Falchion          |    74 |    98 ||   172
       Kick              |    11 |    22 ||    33
       Peck              |     4 |     8 ||    12
Throw: Javelin           |     2 |     6 ||     8
  Use: Scroll            |       |     1 ||     1
Armor: Leather armour    |    34 |    35 ||    69
Dodge: Dodged            |    50 |    53 ||   103
Block: Buckler           |       |     2 ||     2

Table legend: (Time is in decaauts)
 A = Elapsed time spent in this place.
 B = Non-inter-level travel time spent in this place.
 C = Inter-level travel time spent in this place.
 D = Time resting spent in this place.
 E = Time spent auto-exploring this place.
 F = Levels seen in this place.
 G = Mean time per level.
                   A        B        C        D        E       F      G
               +--------+--------+--------+--------+--------+-----+--------+
         Total |   2913 |   2763 |    150 |      5 |   2308 |   3 |  971.0 |
       Dungeon |   2913 |   2763 |    150 |      5 |   2308 |   3 |  971.0 |
               +--------+--------+--------+--------+--------+-----+--------+

Top non-repeatable levels by time:
     D:1: 1319 daAuts
     D:2: 799 daAuts
     D:3: 794 daAuts
